 Dungeon Crawl Stone Soup version 0.31.0-11-ge490571c62 (webtiles) character file.

Game seed: 8517090129790297038

112158 Amaterasu the Severer (level 16, -1/101 HPs)
             Began as a Gargoyle Ice Elementalist on Jan 29, 2024.
             Was the Champion of Cheibriados.
             Slain by a merfolk impaler
             ... wielding a +5 vampiric trident
              (7 damage)
             ... on level 1 of the Shoals on Jan 30, 2024.
             The game lasted 01:02:00 (24701 turns).

Amaterasu the Severer (Gargoyle Ice Elementalist)  Turns: 24701, Time: 01:02:01

Health: -1/101     AC: 27    Str: 26    XL:     16   Next: 59%
Magic:  2/30       EV: 15    Int: 43    God:    Cheibriados [******]
Gold:   2350       SH:  5    Dex: 27    Spells: 14/35 levels left

rFire   + . .        k - +10 battleaxe "Aduliba" {drain, SInv}
rCold   + . .        (shield currently unavailable)
rNeg    + . .        o - +3 leather armour {rPois}
rPois   ∞            E - +2 hat
rElec   +            u - scarf {rC+ rF+}
rCorr   .            t - +2 pair of gloves {Dex+3}
SInv    +            (no boots)
Will    +....        L - amulet of reflection
Stlth   ++++         r - +4 ring of protection
HPRegen 0.36/turn    C - +4 ring of slaying
MPRegen 0.22/turn

%: reflection
@: flying, very slow
A: sickness immunity, AC +12, big wings, negative energy resistance 1,
electricity resistance, torment resistance 1, petrification resistance, thin
skeletal structure 1, clever 1, clumsy 1
a: Renounce Religion, Bend Time, Temporal Distortion, Slouch, Step From Time


You were on level 1 of the Shoals.
You worshipped Cheibriados.
Cheibriados was exalted by your worship.
You visited 5 branches of the dungeon, and saw 24 of its levels.
You also visited: Ossuary and Volcano.

You collected 2442 gold pieces.
You spent 92 gold pieces at shops.

Inventory:

Hand Weapons
 k - the +10 battleaxe "Aduliba" (weapon) {drain, SInv}
   (You found it on level 9 of the Dungeon)

   SInv:      It lets you see invisible.
Armour
 a - a +0 robe
 d - a +1 cloak of fire resistance
 n - a +0 tower shield
 o - a +3 leather armour of poison resistance (worn)
 t - a +2 pair of gloves of dexterity (worn)
 u - a scarf of resistance (worn)
 E - a +2 hat (worn)
Jewellery
 q - an amulet of guardian spirit
 r - a +4 ring of protection (left hand)
 C - a +4 ring of slaying (right hand)
 K - a ring of ice
 L - an amulet of reflection (around neck)
 O - a +6 ring of intelligence
 R - the ring "Leby" {Fly rElec rF+ Int-3 Dex+4}
   (You took it off an orc priest on level 12 of the Dungeon)

   [ring of protection from fire]

   Int-3:     It affects your intelligence (-3).
   Dex+4:     It affects your dexterity (+4).
   rF+:       It protects you from fire.
   rElec:     It insulates you from electricity.
   Fly:       It grants you flight.
 S - the ring of the Bequeathed God {Ice Dex+3 Slay+3 SInv}
   (You took it off an orc wizard on level 12 of the Dungeon)

   [ring of ice]

   Ice:       It enhances your ice magic.
   Dex+3:     It affects your dexterity (+3).
   Slay+3:    It affects your accuracy & damage with ranged weapons and melee
   (+3).
   rF-:       It makes you vulnerable to fire.
   rC+:       It protects you from cold.
   SInv:      It lets you see invisible.
 U - a +6 ring of strength
 V - a ring of positive energy
 W - a ring of ice
 Z - a +4 ring of protection
Wands
 e - a wand of flame (111)
 p - a wand of charming (22)
 v - a wand of roots (23)
 H - a wand of light (18)
 T - a wand of polymorph (8)
Scrolls
 g - 4 scrolls of fear
 h - 2 scrolls of enchant armour
 j - 4 scrolls of blinking
 x - 4 scrolls of immolation
 y - 5 scrolls of teleportation
 D - 2 scrolls of poison
 F - 3 scrolls of revelation
 I - 2 scrolls of amnesia
 M - 4 scrolls of fog
 Y - a scroll of butterflies
Potions
 b - 4 potions of magic
 c - 3 potions of curing
 f - 5 potions of ambrosia
 i - 11 potions of haste
 l - 6 potions of enlightenment
 m - 6 potions of brilliance
 s - 4 potions of cancellation
 w - 4 potions of attraction
 z - 4 potions of heal wounds
 A - 2 potions of lignification
 B - 2 potions of resistance
 G - a potion of mutation
 J - 4 potions of might
Miscellaneous
 N - a lightning rod (4/4)
 P - a phial of floods
 Q - a box of beasts
 X - a phantom mirror


   Skills:
 - Level 12.0 Fighting
 - Level 18.0 Axes
 - Level 4.0 Armour
 - Level 3.8 Dodging
 - Level 2.1 Stealth
 - Level 10.0 Spellcasting
 * Level 5.1 Necromancy
 - Level 9.0 Translocations
 - Level 7.5 Ice Magic
 * Level 8.6 Invocations


You had 14 spell levels left.
You knew the following spells:

 Your Spells              Type           Power      Damage    Failure   Level
a - Freeze                Ice            100%       1d10      1%          1
b - Frozen Ramparts       Ice            100%       1d16      1%          3
c - Ozocubu's Armour      Ice            72%        N/A       1%          3
d - Manifold Assault      Tloc           78%        N/A       1%          4
e - Lesser Beckoning      Tloc           100%       N/A       1%          2
f - Blink                 Tloc           100%       N/A       1%          2
g - Death Channel         Necr           30%        N/A       30%         6

Your spell library contained the following spells:

 Spells                   Type           Power      Damage    Failure   Level
 Apportation              Tloc           100%       N/A       1%          1
 Kiss of Death            Conj/Necr      100%       2d13      1%          1
 Necrotise                Necr           100%       1d9       1%          1
 Sandblast                Erth           42%        2d11      1%          1
 Shock                    Conj/Air       84%        1d8       1%          1
 Sting                    Conj/Alch      84%        1d8       1%          1
 Summon Small Mammal      Summ           84%        N/A       1%          1
 Momentum Strike          Conj/Tloc      100%       3d10      1%          2
 Gell's Gravitas          Tloc           78%        N/A       1%          3
 Hailstorm                Conj/Ice       52%        3d10      1%          3
 Summon Ice Beast         Ice/Summ       52%        N/A       1%          3
 Teleport Other           Tloc           78%        N/A       1%          3
 Volatile Blastmotes      Fire/Tloc      100%       2d18      1%          3
 Animate Dead             Necr           60%        N/A       1%          4
 Dispel Undead            Necr           60%        3d21      1%          4
 Jinxbite                 Hex            42%        N/A       2%          2
 Mercury Vapours          Alch/Air       42%        N/A       2%          2
 Iskenderun's Mystic Bla  Conj/Tloc      57%        2d12      2%          4
 Confusing Touch          Hex            21%        N/A       4%          3
 Dazzling Flash           Conj/Hex       42%        N/A       4%          3
 Inner Flame              Hex/Fire       21%        N/A       4%          3
 Mephitic Cloud           Conj/Alch/Air  21%        N/A       4%          3
 Passwall                 Erth           21%        N/A       4%          3
 Stone Arrow              Conj/Erth      42%        3d9       4%          3
 Swiftness                Air            21%        N/A       4%          3
 Dispersal                Tloc           39%        N/A       6%          6
 Metabolic Englaciation   Hex/Ice        26%        N/A       10%         5
 Airstrike                Air            10%        2d(2-18)  16%         4
 Brom's Barrelling Bould  Conj/Erth      21%        2d4       16%         4
 Fulminant Prism          Conj/Alch      10%        3d9       16%         4
 Leda's Liquefaction      Alch/Erth      10%        N/A       16%         4
 Petrify                  Alch/Erth      21%        N/A       16%         4
 Summon Blazeheart Golem  Fire/Summ      21%        N/A       16%         4
 Borgnjor's Vile Clutch   Necr/Erth      21%        N/A       16%         5
 Irradiate                Conj/Alch      10%        3d15      41%         5
 Yara's Violent Unravell  Hex/Alch       10%        3d6       41%         5
 Sculpt Simulacrum        Ice/Alch       26%        N/A       45%         6
 Starburst                Conj/Fire      10%        6d5       94%         6
 Disjunction              Tloc           39%        N/A       95%         8
 Enfeeble                 Hex            10%        N/A       100%        7
 Ignition                 Fire           10%        3d5       100%        8
 Maxwell's Capacitive Co  Air            10%        ∞         100%        8
 Cigotuvi's Dreadful Rot  Necr/Alch/Air  Unusable   N/A       N/A         2

Dungeon Overview and Level Annotations

Branches:
Dungeon (15/15)            Temple (1/1) D:4            Lair (5/5) D:10
 Shoals (1/4) Lair:3        Snake (0/4) Lair:3        Slime (0/5) Lair:4
    Orc (2/2) D:12            Elf (0/3) Orc:2        Vaults (0/5) D:13
 Depths (0/4) D:15        Ossuary (visited)         Volcano (visited)

Altars:
Ashenzari
Cheibriados
Dithmenos
Elyvilon
Fedhas
Gozag
Hepliaklqana
Kikubaaqudgha
Makhleb
Nemelex Xobeh
Okawaru
Qazlal
Ru
Sif Muna
Trog
Uskayaw
Vehumet
Wu Jian
Xom
Yredelemnul
Zin
The Shining One
Lugonu

Shops:
D:1 (   D:5 [   D:13 (   Orc:2 :*:*

Annotations:
D:7 2 transporters
Lair:5 exclusion: obsidian statue
Shoals:1 1 runed translucent door, Teryn's ghost, journeyman DsAK


Innate Abilities, Weirdness & Mutations

You are immune to sickness and miasma.
Your stone body is resilient. (AC +12)
You are immune to poison.
Your large and strong wings let you fly.
You resist negative energy. (rN+)
You are resistant to electric shocks. (rElec)
You are resistant to unholy torment.
You are immune to petrification.
You have a somewhat thin skeletal structure. (Dex +2, Stealth+)
Your mind is acute. (Int +4, Str/Dex -1)
You are clumsy. (Dex -2)


Message History

You slash the water elemental! The water elemental hits you.
* * * LOW HITPOINT WARNING * * *
The water elemental engulfs you in water!
You slash the water elemental!
You destroy the water elemental!
Cheibriados appreciates the change of pace.
The water engulfing you falls away.
A merfolk impaler comes into view. It is wielding a +5 vampiric trident.
The merfolk impaler shouts!
Casting: Lesser Beckoning (safe; 1% risk of failure)
Confirm with . or Enter, or press ? or * to list all spells.
Aiming: Lesser Beckoning (safe; 1% risk of failure)
Press: ? - help, Shift-Dir - straight line, f - merfolk impaler
Aim: a merfolk impaler, wielding a +5 vampiric trident and wearing a +0 leather armour (100% to hit)
The merfolk impaler hurls suddenly forward!
You block the merfolk impaler's attack. The merfolk impaler closely misses you.
You slice the merfolk impaler!! You drain the merfolk impaler!
The merfolk impaler is heavily wounded.
The merfolk impaler hits you with a +5 vampiric trident!
* * * LOW HITPOINT WARNING * * *
You hit the merfolk impaler but do no damage.
The merfolk impaler is heavily wounded.
The merfolk impaler barely misses you.
The merfolk impaler hits you with a +5 vampiric trident!
* * * LOW HITPOINT WARNING * * *
You miss the merfolk impaler.
The merfolk impaler is heavily wounded.
You block the merfolk impaler's attack.
You hit the merfolk impaler.
The merfolk impaler is heavily wounded.
The merfolk impaler barely misses you.
You closely miss the merfolk impaler.
The merfolk impaler is heavily wounded.
The merfolk impaler hits you with a +5 vampiric trident.
* * * LOW HITPOINT WARNING * * *
The merfolk impaler barely misses you.
You miss the merfolk impaler.
The merfolk impaler is heavily wounded.
The merfolk impaler hits you with a +5 vampiric trident!
You die...

≈≈≈≈≈≈≈≈≈≈≈≈≈≈≈≈≈ ~≈≈
≈≈≈≈≈≈≈≈≈≈≈≈≈≈≈≈≈~~~~~ ~≈≈
≈≈≈≈≈≈≈≈≈≈≈≈≈≈≈≈≈~~~~~~
~~≈
≈≈≈≈≈≈≈≈~~~~~~≈≈≈~~~~~~~
~~≈
≈≈≈≈≈~~~~~~~~~~~~~~~..~~~
~~~
≈≈≈≈≈~~~~~~~~~~~~~†~~.~~~~
~~~
≈≈~~~~~~~~~.....~~~~~~~~~.
.~~
≈~~~~~~~~~......m~~~~~~~~.
.~~
≈~~~~~~~.....##.@.~~~~~~..
~~~
≈~~~~~......#####.)).~..~.
~.. ≈~~~~>....###
###.....~. ..~ ~~~...~..##
....~~~ .~~ ≈~..#.~.##
...~~~~E ... ≈~~...~.#
...~~~~ .[. ≈~~~~~~.#
...~~~)~~ ≈≈~~~~.##
..~~~~~~. ≈≈≈≈≈≈~^#
...~~~~~..


You could see a merfolk impaler (drained).

Vanquished Creatures
  Jorgrun (Orc:2)
  Donald (Orc:2)
  Gastronok (D:8)
  The ghost of Axipewex the Grappler, a journeyman OnSh of Okawaru (D:14)
  Nessos (D:14)
  3 dire elephants (Lair:5)
  2 fire dragons (D:15)
  Josephine (Lair:3)
  6 hydras
  6 centaur warriors
  An ironbound frostheart (D:13)
  2 merfolk aquamancers (Shoals:1)
  2 ogre magi
  3 catoblepae
  5 boulder beetles
  5 two-headed ogres
  A death knight (D:12)
  12 death yaks
  3 orc high priests (Orc:2)
  2 tengu warriors (D:15)
  Urug (D:12)
  Nergalle (D:12)
  A hell knight (Volcano)
  6 skeletal warriors
  2 spectral dire elephants (Lair:5)
  A salamander mystic (Volcano)
  4 skysharks
  A spectral anaconda (Lair:5)
  A sea snake (Shoals:1)
  3 harpies (Shoals:1)
  4 orc knights (Orc:2)
  4 necromancers (Lair:5)
  5 deep elf pyromancers
  4 ugly things (D:14)
  6 salamanders (Volcano)
  10 cyclopes
  6 manticores
  3 orc sorcerers (Orc:2)
  3 fauns (Shoals:1)
  5 kobold blastminers (Orc:2)
  A merfolk siren (Shoals:1)
  4 black mambas
  17 elephants
  Maggie (D:10)
  A dire elephant skeleton (Lair:5)
  6 cane toads
  3 rime drakes
  2 unseen horrors
  2 kobold demonologists
  2 tengu conjurers (D:15)
  Psyche (D:9)
  3 efreet
  10 komodo dragons
  6 trolls
  2 polar bears
  2 merfolk (Shoals:1)
  2 wind drakes (Shoals:1)
  2 hornets (D:14)
  11 dream sheep
  5 snapping turtles
  13 blink frogs
  2 slime creatures
  Sigmund (D:3)
  16 yaks
  3 spriggans (D:14)
  A shadow (D:12)
  A spriggan (shapeshifter) (D:13)
  5 basilisks
  7 wraiths
  3 humans (D:13)
  5 wyverns
  9 water elementals
  2 death yak simulacra (Lair:5)
  A fire elemental (Lair:4)
  Grum (D:8)
  4 wargs
  11 vampire mosquitoes
  3 acid dragons
  A spectral cane toad (Lair:5)
  A naga (Lair:3)
  14 water moccasins
  15 orc warriors
  3 ice beasts
  2 laughing skulls (D:15)
  5 black bears
  A boggart (D:14)
  11 wolves
  An elephant zombie (Lair:5)
  An elephant skeleton (Lair:5)
  The ghost of Arcadio the Gusty, an amateur DrAE (D:4)
  15 centaurs
  3 ogres
  A phantom (D:5)
  A kobold brigand (D:7)
  17 bullfrogs
  A water moccasin zombie (D:4)
  2 cane toad simulacra (Lair:5)
  5 wights (D:9)
  6 killer bees (D:10)
  An elephant simulacrum (Lair:5)
  4 electric eels
  A lava snake (Lair:4)
  4 bombardier beetles
  A hound (D:6)
  2 bullfrog skeletons (D:4)
  18 orc priests
  A gnoll bouda (D:7)
  6 jellies
  Ijyb (D:3)
  Terence (D:3)
  Jessica (D:2)
  2 iguanas
  28 orc wizards
  9 mummies
  A howler monkey zombie (D:4)
  8 gnolls
  5 adders
  3 shadow imps
  A white imp (D:8)
  4 ribbon worms
  60 orcs
  5 ball pythons
  13 endoplasms
  2 giant cockroaches (D:1)
  A gnoll zombie (Ossuary)
  9 goblins
  8 hobgoblins
  4 jackals (D:1)
  6 quokkas
  8 bats
  5 frilled lizards
  A hobgoblin zombie (Ossuary)
  6 kobolds
  2 kobold zombies (Ossuary)
  4 orc zombies (Ossuary)
  5 rats
649 creatures vanquished.

Vanquished Creatures (others)
  A kobold (D:2)
1 creature vanquished.

Grand Total: 650 creatures vanquished

Notes
Turn   | Place    | Note
-------+----------+-------------------------------------------
     0 | D:1      | Amaterasu the Gargoyle Ice Elementalist began the quest for
                  | the Orb.
     0 | D:1      | Reached XP level 1. HP: 10/10 MP: 3/3
    88 | D:1      | Reached XP level 2. HP: 9/15 MP: 1/5
   415 | D:1      | Reached XP level 3. HP: 17/19 MP: 6/6
   534 | D:1      | Found Poq Pier's Weapon Shoppe.
   855 | D:2      | Learned a level 3 spell: Frozen Ramparts
   984 | D:2      | Noticed Jessica
   991 | D:2      | Killed Jessica
   992 | D:2      | Reached skill level 5 in Ice Magic
   992 | D:2      | Reached skill level 1 in Fighting
   992 | D:2      | Reached XP level 4. HP: 25/25 MP: 6/8
  1085 | D:2      | Learned a level 3 spell: Ozocubu's Armour
  1941 | D:3      | Noticed Ijyb
  1948 | D:3      | Killed Ijyb
  1949 | D:3      | Reached XP level 5. HP: 12/31 MP: 1/9
  2209 | D:3      | Noticed Sigmund
  2213 | D:3      | Killed Sigmund
  2214 | D:3      | Reached skill level 5 in Fighting
  2214 | D:3      | Reached XP level 6. HP: 37/40 MP: 3/10
  2439 | D:3      | Noticed Terence
  2450 | D:3      | Killed Terence
  2823 | D:3      | Found a blossoming altar of Fedhas.
  3108 | D:4      | Found a transporter.
  3124 | D:4      | Noticed Arcadio's ghost (amateur DrAE)
  3283 | D:4      | Found a transporter.
  3301 | D:4      | Found a staircase to the Ecumenical Temple.
  3319 | Temple   | Entered the Ecumenical Temple
  3527 | D:4      | Reached XP level 7. HP: 44/44 MP: 11/11
  3898 | D:4      | Killed Arcadio's ghost
  4067 | D:5      | Entered Level 5 of the Dungeon
  4472 | D:5      | Reached XP level 8. HP: 49/49 MP: 11/14
  4563 | D:5      | Found Jetog's Antique Armour Shoppe.
  4903 | D:6      | Noticed a troll
  4912 | D:6      | Killed a troll
  4913 | D:6      | Reached skill level 5 in Spellcasting
  5062 | D:6      | Found a sand-covered staircase.
  5071 | Ossuary  | Entered an ossuary
  5579 | D:6      | Reached XP level 9. HP: 59/59 MP: 9/16
  5926 | D:7      | Learned a level 4 spell: Manifold Assault
  5977 | D:7      | Noticed a purple ugly thing
  5977 | D:7      | Noticed a brown ugly thing
  5978 | D:7      | Found a corrupted altar of Lugonu.
  5978 | D:7      | Noticed a cyan ugly thing
  5988 | D:7      | Reached skill level 1 in Translocations
  5991 | D:7      | Learned a level 2 spell: Lesser Beckoning
  5994 | D:7      | Learned a level 2 spell: Blink
  6458 | D:7      | Found a transporter.
  6461 | D:7      | Found a transporter.
  7559 | D:8      | Noticed Grum
  7567 | D:8      | Killed Grum
  7576 | D:8      | Reached XP level 10. HP: 51/66 MP: 16/20
  7831 | D:8      | Reached skill level 5 in Translocations
  7885 | D:8      | Found a shadowy altar of Dithmenos.
  7886 | D:8      | Found a glowing silver altar of Zin.
  7887 | D:8      | Found a hide-covered altar of Uskayaw.
  7890 | D:8      | Found a burning altar of Makhleb.
  7891 | D:8      | Found a shimmering altar of Xom.
  7892 | D:8      | Found a snail-covered altar of Cheibriados.
  7895 | D:8      | Became a worshipper of Cheibriados the Contemplative
  7958 | D:8      | Noticed Gastronok
  7991 | D:8      | Killed Gastronok
  8846 | D:9      | Identified the +10 battleaxe "Aduliba" {drain, SInv}
  8931 | D:9      | Reached * piety under Cheibriados
  9092 | D:9      | Found a white marble altar of Elyvilon.
  9100 | D:9      | Noticed a two-headed ogre
  9101 | D:9      | Noticed Psyche
  9105 | D:9      | Killed Psyche
  9106 | D:9      | Reached skill level 2 in Axes
  9106 | D:9      | Killed a two-headed ogre
  9107 | D:9      | Reached skill level 3 in Axes
  9115 | D:9      | Reached skill level 4 in Axes
  9471 | D:10     | Entered Level 10 of the Dungeon
  9512 | D:10     | Noticed Maggie
  9519 | D:10     | Killed Maggie
  9520 | D:10     | Reached skill level 5 in Axes
  9520 | D:10     | Reached XP level 11. HP: 42/71 MP: 6/21
  9620 | D:10     | Found a staircase to the Lair.
  9686 | D:10     | Reached skill level 6 in Axes
  9715 | D:10     | Reached ** piety under Cheibriados
 10318 | D:11     | Found a shimmering altar of Xom.
 10456 | D:11     | Noticed a cyclops
 10463 | D:11     | Killed a cyclops
 10464 | D:11     | Reached skill level 7 in Axes
 10816 | D:11     | Reached skill level 8 in Axes
 11164 | Lair:1   | Entered Level 1 of the Lair of Beasts
 11183 | Lair:1   | Found a dark tunnel.
 11190 | Volcano  | Entered a volcano
 11196 | Volcano  | Noticed a salamander
 11206 | Volcano  | Killed a salamander
 11283 | Volcano  | Noticed a salamander mystic
 11283 | Volcano  | Noticed a salamander
 11292 | Volcano  | Killed a salamander mystic
 11292 | Volcano  | Reached *** piety under Cheibriados
 11297 | Volcano  | Killed a salamander
 11298 | Volcano  | Reached skill level 9 in Axes
 11388 | Volcano  | Found a radiant altar of Vehumet.
 11394 | Volcano  | Noticed a salamander
 11394 | Volcano  | Noticed a salamander
 11404 | Volcano  | Noticed a salamander
 11404 | Volcano  | Noticed a salamander
 11411 | Volcano  | Killed a salamander
 11415 | Volcano  | Killed a salamander
 11415 | Volcano  | Killed a salamander
 11416 | Volcano  | Killed a salamander
 11417 | Volcano  | Reached skill level 10 in Axes
 11417 | Volcano  | Reached XP level 12. HP: 10/76 MP: 10/22
 11617 | Volcano  | Noticed a hell knight
 11626 | Volcano  | Killed a hell knight
 11873 | Lair:1   | Noticed a catoblepas
 11884 | Lair:1   | Killed a catoblepas
 11929 | Lair:1   | Noticed a death yak
 11939 | Lair:1   | Killed a death yak
 11949 | Lair:1   | Noticed a death yak
 11953 | Lair:1   | Noticed a death yak
 11955 | Lair:1   | Killed a death yak
 11956 | Lair:1   | Reached skill level 11 in Axes
 11956 | Lair:1   | Noticed a death yak
 11956 | Lair:1   | Noticed a death yak
 11957 | Lair:1   | Noticed a death yak
 11961 | Lair:1   | Killed a death yak
 11966 | Lair:1   | Killed a death yak
 11967 | Lair:1   | Killed a death yak
 11970 | Lair:1   | Killed a death yak
 11971 | Lair:1   | Reached skill level 12 in Axes
 12197 | Lair:1   | Noticed a boulder beetle
 12232 | Lair:1   | Killed a boulder beetle
 12731 | Lair:2   | Reached **** piety under Cheibriados
 12841 | Lair:2   | Noticed a seven-headed hydra
 12842 | Lair:2   | Noticed a skyshark
 12853 | Lair:2   | Killed a seven-headed hydra
 12854 | Lair:2   | Reached skill level 13 in Axes
 12855 | Lair:2   | Killed a skyshark
 13018 | Lair:2   | Reached skill level 10 in Fighting
 13018 | Lair:2   | Reached XP level 13. HP: 53/82 MP: 23/23
 13785 | Lair:3   | Reached ***** piety under Cheibriados
 13805 | Lair:3   | Noticed Josephine
 13816 | Lair:3   | Killed Josephine
 13830 | Lair:3   | Reached skill level 14 in Axes
 14083 | Lair:3   | Found a staircase to the Snake Pit.
 14490 | Lair:3   | Found a staircase to the Shoals.
 14875 | Lair:4   | Found a staircase to the Slime Pits.
 14993 | Lair:4   | Reached skill level 15 in Axes
 15125 | Lair:4   | Found an ancient bone altar of Kikubaaqudgha.
 15126 | Lair:4   | Reached ****** piety under Cheibriados
 15247 | Lair:4   | Gained mutation: Your large and strong wings let you fly.
                  | [Gargoyle growth]
 15247 | Lair:4   | Reached XP level 14. HP: 85/92 MP: 24/24
 15816 | Lair:5   | Entered Level 5 of the Lair of Beasts
 15826 | Lair:5   | Noticed a dire elephant
 15826 | Lair:5   | Noticed a dire elephant
 15850 | Lair:5   | Noticed a dire elephant
 15859 | Lair:5   | Killed a dire elephant
 15860 | Lair:5   | Reached skill level 1 in Invocations
 16147 | Lair:5   | Killed a dire elephant
 16164 | Lair:5   | Killed a dire elephant
 16165 | Lair:5   | Reached skill level 16 in Axes
 16363 | Lair:5   | Identified the +0 mace of Prudence {speed, Will+ Dex+5}
 17579 | D:12     | Reached skill level 17 in Axes
 17659 | D:12     | Identified the ring "Leby" {Fly rElec rF+ Int-3 Dex+4}
 17688 | D:12     | Identified the ring of the Bequeathed God {Ice Dex+3 Slay+3
                  | SInv}
 17786 | D:12     | Reached skill level 5 in Invocations
 17792 | D:12     | Identified the +9 dire flail "Hydraslayer" {heavy, rPois
                  | Stlth+}
 17806 | D:12     | Reached XP level 15. HP: 26/96 MP: 25/25
 17815 | D:12     | Learned a level 6 spell: Death Channel
 18112 | D:12     | Got An Early Guide to Hermeneutics
 18115 | D:12     | Found an ornate altar of the Wu Jian Council.
 18117 | D:12     | Found a shimmering altar of Xom.
 18118 | D:12     | Got the Omnibus of the Virulent Tempest
 18458 | D:12     | Reached skill level 1 in Necromancy
 18608 | D:12     | Noticed Nergalle
 18619 | D:12     | Killed Nergalle
 18722 | D:12     | Noticed Urug
 18727 | D:12     | Killed Urug
 18893 | D:12     | Found a white marble altar of Elyvilon.
 18894 | D:12     | Found a glowing golden altar of the Shining One.
 19138 | D:12     | Found a staircase to the Orcish Mines.
 19297 | Orc:1    | Entered Level 1 of the Orcish Mines
 19630 | Orc:2    | Entered Level 2 of the Orcish Mines
 19642 | Orc:2    | Found a staircase to the Elven Halls.
 19642 | Orc:2    | Noticed Donald
 19653 | Orc:2    | Killed Donald
 19877 | Orc:2    | Noticed Jorgrun
 19892 | Orc:2    | Killed Jorgrun
 19893 | Orc:2    | Reached skill level 1 in Armour
 20023 | Orc:2    | Reached skill level 18 in Axes
 20524 | Orc:2    | Found Bocwo's Assorted Antiques.
 20524 | Orc:2    | Found Vezxur's Book Boutique.
 20526 | Orc:2    | Found Oseifan's Book Emporium.
 20526 | Orc:2    | Found Xuhigax's Assorted Antiques.
 20535 | Orc:2    | Bought a scroll of identify for 46 gold pieces
 20535 | Orc:2    | Bought a scroll of identify for 46 gold pieces
 20539 | Orc:2    | Gained mutation: You are clumsy. (Dex -2) [potion of
                  | mutation]
 20539 | Orc:2    | Gained mutation: You have a somewhat thin skeletal
                  | structure. (Dex +2, Stealth+) [potion of mutation]
 20539 | Orc:2    | Gained mutation: Your mind is acute. (Int +4, Str/Dex -1)
                  | [potion of mutation]
 21183 | D:13     | Found Moudas's Antique Weapon Shop.
 21219 | D:13     | Found a gate to the Vaults.
 21865 | D:14     | Found an iron altar of Okawaru.
 21867 | D:14     | Noticed Nessos
 21877 | D:14     | Killed Nessos
 22299 | D:14     | Found a runed translucent door.
 22300 | D:14     | Identified the +1 spear of the Dungeon {speed, rElec}
 22300 | D:14     | Noticed Axipewex's ghost (journeyman OnSh)
 22651 | D:14     | Reached XP level 16. HP: 78/101 MP: 10/29
 22661 | D:14     | Killed Axipewex's ghost
 22864 | D:15     | Entered Level 15 of the Dungeon
 23725 | D:15     | Reached skill level 10 in Spellcasting
 24122 | D:15     | Found a staircase to the Depths.
 24399 | Shoals:1 | Entered Level 1 of the Shoals
 24614 | Shoals:1 | Found a runed translucent door.
 24616 | Shoals:1 | Found a shimmering altar of Xom.
 24616 | Shoals:1 | Noticed Teryn's ghost (journeyman DsAK)
 24618 | Shoals:1 | Identified the +1 rapier of Ageing Painful Death {chaos,
                  | Fly Int+2}
 24684 | Shoals:1 | Reached skill level 5 in Necromancy
 24700 | Shoals:1 | HP: 5/101 [merfolk impaler/+5 vampiric trident (5)]
 24701 | Shoals:1 | Slain by a merfolk impaler

Illustrated notes

Levels and vault maps discovered:
D:1:      dpeg_arrival_orchard, layout_basic, serial_shops, shop,
          minmay_misc_feat_tiny, st_stairs_3, minmay_shallow_snake_nest
D:2:      layout_rooms, lemuel_flame_loot_1, uniq_jessica
D:3:      minmay_door_path, layout_basic, fedhas_altar_fruit_tree,
          minmay_diced_spiral, uniq_ijyb, uniq_sigmund, uniq_terence
D:4:      layout_basic, minmay_temple_entry_drinking_statues,
          gammafunk_ghost_mausoleum, minmay_misc_feat_pillars
D:5:      layout_loops_ring, nicolae_take_the_stairs
D:6:      layout_basic, mainiacjoe_ossuary_entry_dusty_tomb
D:7:      gammafunk_corrupted_shrine, layout_basic,
          chequers_serial_rivers_micro_d
D:8:      layout_loops_ring, minitemple, uniq_gastronok, uniq_grum
D:9:      layout_loops_ring, elyvilon_altar_1, grunt_decor_mini_mirrors,
          serial_bayou_pond_a, uniq_psyche
D:10:     layout_basic, david_lair_generic, uniq_maggie
D:11:     layout_long_grid, xom_teletrap_fun
D:12:     minmay_the_grid_octo_tiled_squarecenter
          [minmay_the_grid_octo_pinwheel, minmay_the_grid_octo_shrine,
          minmay_the_grid_octo_fat_diamond, minmay_the_grid_octo_empty,
          minmay_the_grid_square_5x5_megaprize_open,
          minmay_the_grid_square_5x5_six,
          minmay_the_grid_square_5x5_eight_small,
          minmay_the_grid_square_5x5_checkered_statues,
          minmay_the_grid_square_5x5_tetrominoes], layout_basic,
          minmay_orc_entry_guard_dogs, uniq_urug, uniq_nergalle
D:13:     layout_small_grid, hellmonk_vaults_keyhole, serial_shops,
          nicolae_shop_real_fake_doors
D:14:     layout_stronghold, okawaru_ov_weapons_minmay,
          ebering_ghost_funeral_grove, uniq_nessos
D:15:     grunt_enter_depths_hoard, layout_irregular_city
Temple:   dpeg_chambers_temple
Lair:1:   layout_misc_corridors, nicolae_volcano_entry_hallway
Lair:2:   layout_big_grid, lemuel_fruit_tree, grunt_megastairs_1
Lair:3:   layout_loops_ring, minmay_shoals_entry_hut,
          guppyfry_snake_entry_island, evilmike_ambush
          [evilmike_ambush_outer_basic, evilmike_ambush_inner_basic],
          uniq_josephine
Lair:4:   layout_gridlike, slime_entry_2, lemuel_centaur_altar
Lair:5:   due_jungle_book, layout_gridlike, nicolae_quartered_pool_medium
Shoals:1: layout_shoals, ebering_ghost_xom
Orc:1:    layout_caves
Orc:2:    grunt_orc_tribal_feast, layout_caves, uniq_donald, uniq_jorgrun

Skill      XL: |  1  2  3  4  5  6  7  8  9 10 11 12 13 14 15 16 |
---------------+-------------------------------------------------+-----
Spellcasting   | 3 4 5 7 9 10 | 10.0
Ice Magic      | 5 6 7 |  7.5
Fighting       | 1 2 5 8 9 10 12 | 12.0
Dodging        | 2 3 |  3.8
Translocations | 3 7 8 9 |  9.0
Axes           | 5 10 13 15 17 18 | 18.0
Invocations    | 5 6 8 |  8.6
Necromancy     | 3 5 |  5.1
Armour         | 4 |  4.0
Stealth        | |  2.1

Action                     |  1- 3 |  4- 6 |  7- 9 | 10-12 | 13-15 | 16-18 || total
---------------------------+-------+-------+-------+-------+-------+-------++-------
  Melee: Unarmed           |    15 |       |       |       |       |       ||    15
         Mace              |   107 |    70 |       |       |       |       ||   177
         Punch             |     2 |       |     3 |     2 |       |       ||     7
         Dagger            |       |    70 |   253 |    87 |       |       ||   410
         Battleaxe         |       |       |       |   201 |   734 |   215 ||  1150
   Cast: Freeze            |     7 |    15 |     4 |     7 |    20 |       ||    53
         Frozen Ramparts   |       |     7 |    30 |    26 |    15 |     2 ||    80
         Ozocubu's Armour  |       |     2 |     5 |     7 |     5 |       ||    19
         Manifold Assault  |       |       |       |    24 |    48 |    38 ||   110
         Lesser Beckoning  |       |       |       |     1 |     9 |     7 ||    17
  Evoke: Lightning rod     |       |       |       |       |     3 |       ||     3
    Use: Scroll            |     4 |       |     8 |     9 |     8 |     2 ||    31
         Potion            |       |       |       |     2 |     2 |       ||     4
   Stab: Sleeping          |     1 |     6 |     3 |     3 |    12 |       ||    25
         Petrified         |       |       |       |       |     4 |       ||     4
         Distracted        |       |       |       |       |       |     1 ||     1
 Armour: Robe              |    87 |    86 |       |       |       |       ||   173
         Leather armour    |       |     3 |   159 |   262 |   522 |   175 ||  1121
  Dodge: Dodged            |   102 |   104 |   146 |   178 |   437 |    99 ||  1066
  Block: Other             |       |       |       |    10 |   126 |    29 ||   165
         Reflection        |       |       |       |       |     5 |     6 ||    11
